 Dungeon Crawl Stone Soup version 0.20-a0-991-g93344ec (webtiles) character file.

88 MudBrick2 the Charmwright (level 4, -4/34 HPs)
             Began as a Barachi Skald on Apr 11, 2017.
             Was an Initiate of Wu Jian.
             Slain by a gnoll
             ... wielding a +0 halberd
              (13 damage)
             ... on level 2 of the Dungeon.
             The game lasted 00:16:42 (1840 turns).

MudBrick2 the Charmwright (Barachi Skald)           Turns: 1840, Time: 00:16:43

Health: -4/34      AC:  5    Str: 13    XL:     4   Next: 53%
Magic:  4/8        EV:  8    Int: 17    God:    Wu Jian [......]
Gold:   34         SH:  7    Dex: 12    Spells: 7/8 levels left

rFire    . . .     SeeInvis .   a - +0 hand axe
rCold    . . .     Gourm    .   j - +0 shield
rNeg     . . .     Faith    .   f - +0 ring mail
rPois    .         Spirit   .   (no helmet)
rElec    .         Reflect  .   (no cloak)
rCorr    .         Harm     .   (no gloves)
MR       .....                  (no boots)
Stlth    +.........             (no amulet)
Regen    0.2/turn               (no ring)
MPRegen  0.2/turn               (no ring)

@: slow
A: +LOS, swims, clever 2, slowness 1, strong legs 1
a: Hop, Renounce Religion


You were on level 2 of the Dungeon.
You worshipped Wu Jian.
Wu Jian was noncommittal.
You were not hungry.

You visited 1 branch of the dungeon, and saw 2 of its levels.

You collected 34 gold pieces.

Inventory:

Hand Weapons
 a - a +0 hand axe (weapon)
 i - a +0 falchion
Armour
 b - a +0 leather armour
 f - a +0 ring mail (worn)
 j - a +0 shield (worn)
 n - a +0 scale mail
Scrolls
 e - a scroll of enchant weapon {unknown}
 g - a scroll of remove curse {unknown}
 l - a scroll of recharging {unknown}
 o - a scroll of magic mapping {unknown}
Books
 c - a book of Battle

   Spells                             Type                      Level
   a - Infusion                       Charms                       1
   b - Shroud of Golubria             Charms/Translocation         2
   c - Song of Slaying                Charms                       2
   d - Spectral Weapon                Hexes/Charms                 3
   e - Regeneration                   Charms/Necromancy            3
Comestibles
 d - a bread ration


   Skills:
 * Level 2.8 Fighting
 - Level 2.6 Axes
 * Level 2.2 Armour
 * Level 2.7 Dodging
 * Level 0.4 Shields
 * Level 2.9 Spellcasting
 * Level 3.8 Charms


You had 7 spell levels left.
You knew the following spells:

 Your Spells              Type           Power        Failure   Level  Hunger
a - Infusion              Chrm           ###.         54%         1    None


Dungeon Overview and Level Annotations

Branches:
Dungeon (2/15)

Altars:
Wu Jian


Innate Abilities, Weirdness & Mutations

Shadows flee at your approach. (+LOS)
You can swim through water.
You cover ground slowly.
You can hop short distances.
Your mind is very acute. (Int +4)


Message History

The gnoll hits you from afar with a halberd.
* * * LOW HITPOINT WARNING * * *
Your transformation is almost over.
The gnoll hits you but does no damage.
Your magical contamination has completely faded away.
The gnoll hits you but does no damage. The gnoll hits you but does no damage.
You block the gnoll's attack. The gnoll hits you but does no damage.
The gnoll hits you but does no damage. The gnoll hits you but does no damage.
You feel less wooden.
Your +0 ring mail unmelds from your body.
You block the gnoll's attack. The gnoll barely misses you.
You see here a gnoll corpse.
You hit the gnoll.
The gnoll is moderately wounded.
The gnoll hits you with a halberd!
You die...

...# #.........#
...# #.........#
...# #.........#
...# #...(.....#
#### #.........#
......... #..
#.....# #... #..g..#
#... #..@†.# #....
#.)...# #.(...#
#.....#
#.....#######.....#
##...<.##..........#
..........##########
###.####..#
#.....##..#
.......#..#


You could see a gnoll.

Vanquished Creatures
  2 gnolls (D:2)
  An adder (D:2)
  3 worms (D:2)
  2 dart slugs
  A leopard gecko (D:1)
  2 ball pythons
  5 bats
  3 giant cockroaches
  2 goblins (D:1)
  5 hobgoblins
  2 jackals (D:1)
  6 kobolds
  2 quokkas (D:2)
  9 rats
45 creatures vanquished.

Notes
Turn   | Place    | Note
-------+----------+-------------------------------------------
     0 | D:1      | MudBrick2 the Barachi Skald began the quest for the Orb.
     0 | D:1      | Reached XP level 1. HP: 17/17 MP: 3/3
   105 | D:1      | Reached XP level 2. HP: 17/23 MP: 3/5
   433 | D:1      | Reached XP level 3. HP: 28/28 MP: 6/6
  1294 | D:2      | Reached XP level 4. HP: 6/34 MP: 6/8
  1297 | D:2      | Gained mutation: Your mind is acute. (Int +2) [potion of mutation]
  1297 | D:2      | Gained mutation: Your mind is very acute. (Int +4) [potion of mutation]
  1319 | D:2      | HP: 2/51 [poisoned by an adder]
  1736 | D:2      | Found an ornate altar of the Wu Jian Council.
  1743 | D:2      | Became a worshipper of the Wu Jian Council
  1840 | D:2      | Slain by a gnoll

Vault maps used:
D:1:      erik_arrival_triangle_medium, minmay_distorted
D:2:      old_standard_altar

Skill      XL: |  1  2  3 |
---------------+----------+-----
Armour         | 2 |  2.2
Fighting       | |  2.8
Axes           | |  2.6
Dodging        | |  2.7
Shields        | |  0.4
Spellcasting   | |  2.9
Charms         | |  3.8

Action                   |  1- 3 |  4- 6 || total
-------------------------+-------+-------++-------
Melee: Hand axe          |   122 |    30 ||   152
 Cast: Infusion          |     2 |     1 ||     3
  Use: Potion            |       |     5 ||     5
  Eat: Chunk             |     2 |       ||     2
       Bread ration      |       |     1 ||     1
Armor: Leather armour    |    18 |       ||    18
       Ring mail         |    24 |    12 ||    36
       Skin              |       |    33 ||    33
Dodge: Dodged            |    66 |    21 ||    87
Block: Shield            |    25 |    24 ||    49
